 Dungeon Crawl Stone Soup version 0.25.1-8-g42b30a86e7 (webtiles) character file.

Game seed: 6903460266927160551

69 gruber the Chiller (level 4, 20/30 HPs)
             Began as a Demonspawn Ice Elementalist on Dec 19, 2020.
             Quit the game on level 3 of the Dungeon.
             The game lasted 00:01:59 (2250 turns).

gruber the Chiller (Demonspawn Ice Elementalist)    Turns: 2250, Time: 00:01:59

Health: 20/30      AC:  2    Str:  8    XL:     4   Next: 2%
Magic:  1/7        EV: 16    Int: 17    God:
Gold:   38         SH:  0    Dex: 14    Spells: 3/7 levels left

rFire    . . .     SeeInvis +   g - +0 whip
rCold    . . .     Gourm    .   (no shield)
rNeg     . . .     Faith    .   a - +0 robe
rPois    .         Spirit   .   (no helmet)
rElec    .         Reflect  .   (no cloak)
rCorr    .         Harm     .   (no gloves)
MR       .....                  (no boots)
Stlth    ++........             (no amulet)
HPRegen  0.10/turn              e - ring of see invisible
MPRegen  0.10/turn              l - +4 ring of evasion

@: mildly poisoned (20 -> 19)
A: talons 1, spiny 1
a: no special abilities


You were on level 3 of the Dungeon.
You were hungry.

You visited 1 branch of the dungeon, and saw 3 of its levels.

You collected 38 gold pieces.

Inventory:

Hand Weapons
 g - a +0 whip (weapon)
Armour
 a - a +0 robe (worn)
Jewellery
 e - a ring of see invisible (left hand)
 l - a +4 ring of evasion (right hand)
Scrolls
 h - 2 scrolls of identify {unknown}
 k - a scroll of enchant armour {unknown}
Potions
 b - 2 potions of curing {unknown}
 i - a potion of brilliance {unknown}
 j - a potion of heal wounds {unknown}
Comestibles
 c - 5 rations


   Skills:
 - Level 1.7 Dodging
 - Level 1.7 Stealth
 - Level 2.0 Spellcasting
 + Level 5.1 Ice Magic


You had 3 spell levels left.
You knew the following spells:

 Your Spells              Type           Power        Failure   Level  Hunger
a - Freeze                Ice            ###.         2%          1    #......
b - Frozen Ramparts       Ice            ###...       7%          3    ###....

Your spell library contained the following spells:

 Spells                   Type           Power        Failure   Level  Hunger
 Ozocubu's Armour         Chrm/Ice       ##......     21%         3    ###....
 Hailstorm                Conj/Ice       ##......     56%         4    #####..
 Summon Ice Beast         Ice/Summ       ##......     56%         4    #####..


Dungeon Overview and Level Annotations

Branches:
Dungeon (3/15)

Altars:
Ashenzari
Fedhas
Gozag


Innate Abilities, Weirdness & Mutations

You have sharp toenails.
You are partially covered in sharp spines.


Message History

You closely miss the adder.
The adder is almost dead.
You feel sick. The adder completely misses you.
Casting: Freeze (safe; 2% risk of failure)
Confirm with . or Enter, or press ? or * to list all spells.
Aiming: Freeze (safe; 2% risk of failure)
Press: ? - help, Shift-Dir - straight line, f/p - adder
Aim: an adder (almost dead, slow)
You freeze the adder.
You kill the adder!
You have reached level 4!
You feel agile.
Your demonic ancestry asserts itself...
Sharp spines emerge from parts of your body.
Unknown command.
You feel sick.
You feel sick.
You feel sick.
You feel sick.
A dart slug comes into view.
Are you sure you want to abandon this character and quit the game? (Confirm with "yes".)

.... # #...
#.####..#
#.......#
#......†#
#..###.w#
..###.†##
#..###.)<##
##..#...†@#
#..#....##
#$._...##
#..#..##
...#..
..###.
.###? .#


You could see a dart slug (wandering).

Vanquished Creatures
  2 adders
  2 worms (D:2)
  2 ball pythons
  5 giant cockroaches
  5 goblins
  6 hobgoblins
  2 jackals (D:3)
  4 kobolds
  5 bats
  5 frilled lizards
  5 rats
43 creatures vanquished.

Notes
Turn   | Place    | Note
-------+----------+-------------------------------------------
     0 | D:1      | gruber the Demonspawn Ice Elementalist began the quest for
                  | the Orb.
     0 | D:1      | Reached XP level 1. HP: 13/13 MP: 3/3
   247 | D:1      | Reached skill level 4 in Ice Magic
   317 | D:1      | Gained mutation: You have sharp toenails. [demonic
                  | ancestry]
   317 | D:1      | Reached XP level 2. HP: 18/19 MP: 3/5
  1223 | D:2      | Found an opulent altar of Gozag.
  1228 | D:2      | Reached XP level 3. HP: 15/24 MP: 1/6
  1338 | D:2      | Found a blossoming altar of Fedhas.
  2213 | D:2      | Learned a level 3 spell: Frozen Ramparts
  2223 | D:3      | Found a shattered altar of Ashenzari.
  2228 | D:3      | Reached skill level 5 in Ice Magic
  2237 | D:3      | Gained mutation: You are partially covered in sharp spines.
                  | [demonic ancestry]
  2237 | D:3      | Reached XP level 4. HP: 22/30 MP: 0/7
  2250 | D:3      | Quit the game

Illustrated notes

Levels and vault maps discovered:
D:1:      ncdulo_smallfort, layout_loops_ring, kennysheep_another_room
D:2:      layout_loops_cross, grunt_temple_overflow_open
D:3:      layout_loops_cross, cheibrodos_ashenzari_chains

Skill      XL: |  1  2  3 |
---------------+----------+-----
Ice Magic      | 4 5 |  5.1
Dodging        | |  1.7
Stealth        | |  1.7
Spellcasting   | |  2.0

Action                   |  1- 3 |  4- 6 || total
-------------------------+-------+-------++-------
Melee: Unarmed           |    14 |       ||    14
       Whip              |    69 |       ||    69
       Kick              |    12 |       ||    12
 Cast: Freeze            |    33 |     1 ||    34
       Frozen Ramparts   |     1 |       ||     1
  Use: Scroll            |     2 |       ||     2
 Stab: Sleeping          |     5 |       ||     5
  Eat: Chunk             |     4 |       ||     4
Armor: Robe              |    27 |       ||    27
Dodge: Dodged            |    68 |       ||    68
